 Dungeon Crawl Stone Soup version 0.26.1-11-gd32895ea62 (webtiles) character file.

Game seed: 1198562146757202594

105 infcreate the Shield-Bearer (level 4, -1/29 HPs)
             Began as a Gargoyle Fighter on May 17, 2021.
             Killed by divine providence
             ... invoked by an orc priest
              (15 damage)
             ... on level 3 of the Dungeon.
             The game lasted 00:04:10 (2141 turns).

infcreate the Shield-Bearer (Gargoyle Fighter)      Turns: 2141, Time: 00:04:10

Health: -1/29      AC: 12    Str: 21    XL:     4   Next: 81%
Magic:  4/4        EV:  7    Int:  8    God:
Gold:   38         SH:  9    Dex:  9    Spells: 3/3 levels left

rFire    . . .     SeeInvis .   a - +0 flail
rCold    . . .     Faith    .   c - +0 kite shield
rNeg     + + .     Spirit   .   b - +0 scale mail
rPois    ∞         Reflect  .   p - +2 hat
rElec    +         Harm     .   (no cloak)
rCorr    .         Rampage  .   (no gloves)
Will     .....                  (no boots)
Stlth    ..........             (no amulet)
HPRegen  0.09/turn              N - ring of positive energy
MPRegen  0.09/turn              (no ring)

@: no status effects
A: negative energy resistance 1, electricity resistance, unbreathing,
petrification resistance, miasma immunity, AC +3
a: no special abilities


You were on level 3 of the Dungeon.
You visited 1 branch of the dungeon, and saw 3 of its levels.

You collected 38 gold pieces.


Innate Abilities, Weirdness & Mutations

You are resistant to torment.
Your stone body is resilient. (AC +3)
You are immune to poison.
You resist negative energy. (rN+)
You are resistant to electric shocks. (rElec)
You can survive without breathing.
You are immune to petrification.
You are immune to miasma.


   Skills:
 + Level 4.0 Fighting
 + Level 3.0 Maces & Flails
 + Level 4.1 Armour
 + Level 4.1 Shields


You had 3 spell levels left.
You didn't know any spells.
Your spell library was empty.

Inventory:

Hand Weapons
 a - a +0 flail (weapon)
Armour
 b - a +0 scale mail (worn)
 c - a +0 kite shield (worn)
 p - a +2 hat (worn)
Jewellery
 N - a ring of positive energy (left hand)
Scrolls
 k - a scroll of identify {@r1}
Potions
 d - 2 potions of might
 e - 2 potions of curing {unknown}
 h - a potion of magic {unknown}
 i - 4 potions of haste {@q3}
 m - a potion of degeneration {unknown}
 n - a potion of invisibility {unknown}

Dungeon Overview and Level Annotations

Branches:
Dungeon (3/15)

Altars:
Trog

##..S### .###
#.....o########.#
##....#.........
#.......o##### ##..##†##.#
#......##.# ##..#####.#
#..#####.# ..... #..@S...o#
8...8 ##.########## #>#
###.#........# ######
#.#.#.######.# #.##.#
#.#.#.######.#### #####.##.#
#.#.#.##........# #...#.##.##
#.....##.###.##.# #.......).#
#.....##.# #.##.#
#...#.###.###.....##.###.##.#


You could see an orc priest and an adder.


Message History

You closely miss the orc priest.
The orc priest looks encouraged for a moment.
The orc priest hits you.
You hit the orc priest but do no damage.
You hit the orc priest.
The orc priest is moderately wounded.
The orc priest barely misses you. You block the adder's attack.
You hit the orc priest.
The orc priest is heavily wounded.
The adder closely misses you. The orc priest closely misses you.
You block the adder's attack.
The orc priest mumbles some strange prayers to Beogh against you.
Pain shoots through your body!
You hit the orc priest but do no damage.
The orc priest is heavily wounded.
The adder bites you. The orc priest barely misses you.
The adder bites you but does no damage.
The orc priest shouts!
You hit the orc priest but do no damage.
The orc priest is heavily wounded.
The orc priest mumbles some strange prayers to Beogh against you.
Beogh smites you!
* * * LOW HITPOINT WARNING * * *
You block the adder's attack. You block the adder's attack.
The orc priest casts a cantrip, but nothing happens.
The orc priest invokes the aid of Beogh against you.
Beogh smites you!
Ouch! That really hurt!
You die...

Skill      XL: |  1  2  3  4 |
---------------+-------------+-----
Shields        | 4 |  4.1
Armour         | 4 |  4.1
Fighting       | 4 |  4.0
Maces & Flails | 3 |  3.0

Action                   |  1- 3 |  4- 6 || total
-------------------------+-------+-------++-------
Melee: Flail             |   140 |    75 ||   215
  Use: Scroll            |       |     7 ||     7
Armor: Scale mail        |    63 |    43 ||   106
Dodge: Dodged            |    28 |    25 ||    53
Block: Kite shield       |    70 |    46 ||   116

Levels and vault maps discovered:
D:1:      dpeg_arrival_rhombi, layout_loops_cross
D:2:      layout_basic, bloody_trog
D:3:      layout_loops_corners, zin_angel, nicolae_overflow_hidden_temple,
          ashenzari_altar_1, minmay_unequal, uniq_crazy_yiuf_cottage

Notes
Turn   | Place    | Note
-------+----------+-------------------------------------------
     0 | D:1      | infcreate the Gargoyle Fighter began the quest for the Orb.
     0 | D:1      | Reached XP level 1. HP: 14/14 MP: 1/1
   169 | D:1      | Reached XP level 2. HP: 13/19 MP: 2/2
   547 | D:1      | Reached XP level 3. HP: 21/23 MP: 3/3
   968 | D:2      | Found a bloodstained altar of Trog.
  1353 | D:2      | Reached XP level 4. HP: 26/29 MP: 4/4
  1486 | D:2      | Reached skill level 4 in Shields
  1553 | D:2      | Reached skill level 4 in Armour
  1728 | D:2      | Reached skill level 4 in Fighting
  2106 | D:3      | Reached skill level 3 in Maces & Flails
  2141 | D:3      | Killed from afar by an orc priest

Vanquished Creatures
  4 adders (D:2)
  3 worms (D:2)
  A leopard gecko (D:3)
  2 orcs (D:2)
  7 bats
  4 giant cockroaches
  4 goblins (D:1)
  6 hobgoblins
  6 jackals (D:1)
  7 kobolds
  A quokka (D:2)
  5 frilled lizards
  5 rats
55 creatures vanquished.

Table legend: (Time is in decaauts)
 A = Elapsed time spent in this place.
 B = Non-inter-level travel time spent in this place.
 C = Inter-level travel time spent in this place.
 D = Time resting spent in this place.
 E = Time spent auto-exploring this place.
 F = Levels seen in this place.
 G = Mean time per level.
                   A        B        C        D        E       F      G
               +--------+--------+--------+--------+--------+-----+--------+
         Total |   2218 |   2052 |    166 |    123 |   1447 |   3 |  739.3 |
       Dungeon |   2218 |   2052 |    166 |    123 |   1447 |   3 |  739.3 |
               +--------+--------+--------+--------+--------+-----+--------+

Top non-repeatable levels by time:
     D:2: 996 daAuts
     D:1: 968 daAuts
     D:3: 253 daAuts

Table legend:
 A = Non-vault XP
 B = Vault XP
 C = Vault XP percentage of total XP
 D = Non-vault monster count
 E = Vault monster count
 F = Vault count percentage of total count
                 A         B        C        D         E       F
            +---------+---------+-------+---------+---------+-------
      Total |     150 |       0 |   0.0 |      55 |       0 |   0.0
            +---------+---------+-------+---------+---------+-------
        D:1 |      48 |       0 |   0.0 |      25 |       0 |   0.0
        D:2 |      92 |       0 |   0.0 |      23 |       0 |   0.0
        D:3 |      10 |       0 |   0.0 |       7 |       0 |   0.0
            +---------+---------+-------+---------+---------+-------
